 Dungeon Crawl Stone Soup version 0.30-a0-177-g1cb5dbfd7a (webtiles) character file.

Game seed: 13951629206325187098

952 billz999 the Digger (level 7, 0/46 HPs)
             Began as a Vampire Earth Elementalist on Oct 3, 2022.
             Succumbed to their own poison gas
             ... on level 7 of the Dungeon.
             The game lasted 00:10:40 (4305 turns).

billz999 the Digger (Vampire Earth Elementalist)    Turns: 4305, Time: 00:10:40

Health: 0/46       AC:  3    Str:  7    XL:     7   Next: 90%
Magic:  3/11       EV: 13    Int: 20    God:
Gold:   176        SH:  0    Dex: 14    Spells: 7/12 levels left

rFire   . . .      SeeInvis +    o - +1 dagger (freeze)
rCold   + . .      Faith    .    (no shield)
rNeg    . . .      Spirit   +    a - +0 robe
rPois   .          Reflect  .    f - +0 helmet
rElec   .          Harm     .    (no cloak)
rCorr   .          Rampage  .    (no gloves)
Will    .....                    (no boots)
Stlth   +++.......               p - amulet of guardian spirit
HPRegen 0.47/turn                i - ring of protection from cold
MPRegen 0.12/turn                (no ring)

@: mighty, lethally poisoned (0 -> -10), healing quickly, hasted, very quick
A: alive, fangs 3, see invisible, vampiric 2
a: Exsanguinate


You were on level 7 of the Dungeon.
You visited 1 branch of the dungeon, and saw 6 of its levels.

You collected 176 gold pieces.

Inventory:

Hand Weapons
 l - a +0 dagger of freezing
 o - a +1 dagger of freezing (weapon)
Armour
 a - a +0 robe (worn)
 f - a +0 helmet (worn)
Jewellery
 i - a ring of protection from cold (left hand)
 k - a ring of resist corrosion
 n - a ring of flight
 p - an amulet of guardian spirit (around neck)
Scrolls
 b - a scroll of magic mapping {unknown}
 e - 9 scrolls of identify
 g - a scroll of poison
 j - a scroll of immolation {unknown}
 m - a scroll of teleportation {unknown}
 r - a scroll of enchant weapon {unknown}
Potions
 h - a potion of might
 q - a potion of ambrosia {unknown}
 s - a potion of berserk rage {unknown}


   Skills:
 - Level 3.0 Dodging
 - Level 5.3 Stealth
 - Level 3.2 Spellcasting
 + Level 6.1 Transmutations
 + Level 6.3 Earth Magic


You had 7 spell levels left.
You knew the following spells:

 Your Spells              Type           Power      Damage    Failure   Level
a - Sandblast             Erth           56%        2d13      1%          1
b - Petrify               Tmut/Erth      28%        N/A       11%         4

Your spell library contained the following spells:

 Spells                   Type           Power      Damage    Failure   Level
 Passwall                 Tmut/Erth      23%        N/A       1%          2
 Stone Arrow              Conj/Erth      30%        3d8       12%         3
 Foxfire                  Conj/Fire      12%        2x1d4     14%         1
 Magic Dart               Conj           12%        1d3       14%         1
 Call Imp                 Summ           3%         N/A       22%         2
 Ensorcelled Hibernation  Hex/Ice        6%         N/A       22%         2
 Mephitic Cloud           Conj/Pois/Air  3%         N/A       38%         3
 Swiftness                Air            3%         N/A       38%         3
 Fireball                 Conj/Fire      1%         3d3       98%         5
 Starburst                Conj/Fire      1%         6d3       100%        6


Dungeon Overview and Level Annotations

Branches:
Dungeon (5/15)
 Temple: D:4-7

Altars:

Shops:
D:4 !


Innate Abilities, Weirdness & Mutations

Your natural rate of healing is accelerated.
You have razor-sharp teeth.
You have supernaturally acute eyesight. (SInv)
You are afflicted with vampirism and can become a bat while bloodless.


Message History

2 orcs come into view.
The orc shouts!
An orc wizard comes into view. It is wielding a +0 dagger.
Found 2 fizzy puce potions and 5 javelins.
A centaur comes into view.
It is wielding a +0 rapier and quivering silver javelins.
The orc attacks as you move away! The orc misses you.
The orc priest shouts!
An orc priest comes into view. It is wielding a +0 vorpal trident.
The orc attacks as you move away! The orc hits you with a +0 flail!
The centaur shouts!
You hear a shout!
The orc barely misses you. The orc attacks as you move away!
The orc misses you. The orc wizard casts a spell at you.
The magic dart hits you. The orc hits you with a +0 flail.
As you read the scroll labelled WAOTERH LYFOREDGH, it crumbles to dust.
It is a scroll of identify.
g - 2 scrolls of poison An orc comes into view.
It is wielding a +0 club.
Really read the scroll of poison?
The air fills with toxic fumes!
As you read the scroll of poison, it crumbles to dust.
The orc barely misses you. The orc hits you with a +0 hand axe!
Unknown command.
Blink to where?
Press: ? - help, Dir - move target Really blink into that cloud of poison gas?
As you read the scroll labelled QIUHO ZENAF, it crumbles to dust.
It was a scroll of blinking.
You are engulfed in poison gas.
You are lethally poisoned!
* * * LOW HITPOINT WARNING * * *
You feel very sick.
* * * LOW HITPOINT WARNING * * *
You feel very sick.
It was a potion of might.
You feel very mighty all of a sudden.
* * * LOW HITPOINT WARNING * * *
You feel very sick.
It was a potion of haste.
You feel yourself speed up.
You die...

# #####........##..# ....
#........#####...#
.........###...## #....#
.........##.....# #...###
..........#...###.....#.
...[>.......#.# .####..
..........###..##..# #.#
............$.....##
<.........@...####
.###.#.....§§§§§§#
...........o§§§§§# #
...........o§§§§§# ####.#
...........[.§§§.##.....#
#..............§o#.......
...$..).....##§##........
............##§##.o......
............##o##........


You could see an orc priest, 2 orc wizards and an orc.

Vanquished Creatures
  Grinder (D:4)
  Sigmund (D:3)
  A sky beast (D:7)
  A black bear (D:4)
  A centaur (D:7)
  A howler monkey (D:4)
  An orc priest (D:4)
  A hound (D:2)
  3 orc wizards (D:3)
  4 gnolls (D:4)
  2 adders
  A white imp (D:7)
  A worm (D:2)
  5 dart slugs
  6 orcs
  4 bats
  4 endoplasms
  2 giant cockroaches
  6 goblins
  7 hobgoblins
  10 jackals
  6 kobolds
  2 quokkas
  3 ball pythons
  6 frilled lizards
  4 rats
84 creatures vanquished.

Notes
Turn   | Place    | Note
-------+----------+-------------------------------------------
     0 | D:1      | billz999 the Vampire Earth Elementalist began the quest for
                  | the Orb.
     0 | D:1      | Reached XP level 1. HP: 13/13 MP: 3/3
    33 | D:1      | Found a faded altar of an unknown god.
   278 | D:1      | Reached XP level 2. HP: 19/19 MP: 3/5
   983 | D:2      | Gained mutation: You are afflicted with vampirism and can
                  | become a bat while bloodless. [Vampire growth]
   983 | D:2      | Reached XP level 3. HP: 24/24 MP: 4/6
  1341 | D:2      | Reached XP level 4. HP: 30/30 MP: 5/7
  2320 | D:3      | Noticed Sigmund
  2329 | D:3      | Killed Sigmund
  2330 | D:3      | Reached skill level 5 in Stealth
  2330 | D:3      | Reached XP level 5. HP: 7/35 MP: 2/9
  2649 | D:3      | Learned a level 4 spell: Petrify
  2650 | D:3      | Reached XP level 6. HP: 41/41 MP: 8/10
  3543 | D:4      | Noticed Grinder
  3557 | D:4      | Killed Grinder
  3558 | D:4      | Reached skill level 5 in Transmutations
  3558 | D:4      | Reached skill level 5 in Earth Magic
  3558 | D:4      | Reached XP level 7. HP: 35/46 MP: 2/11
  3631 | D:4      | Found Ypuodaud's Distillery.
  4210 | D:5      | Entered Level 5 of the Dungeon
  4210 | D:5      | You fall into a shaft and drop 2 floors!
  4304 | D:7      | HP: 2/46 [poisoned by you (poison gas)]
  4305 | D:7      | Succumbed to their own poison gas

Illustrated notes

Levels and vault maps discovered:
D:1:      giann_forest_graveyard, layout_loops_ring,
          hellmonk_ecumenical_altar_lost_god
D:2:      layout_basic
D:3:      layout_basic, uniq_sigmund
D:4:      layout_loops_corners, serial_shops, nicolae_shop_statue_plus,
          uniq_grinder
D:5:      layout_gridville, nicolae_overflow_hallway_of_the_gods,
          minmay_temple_entry_mini_moons
D:7:      layout_rooms, uniq_duvessa

Skill      XL: |  1  2  3  4  5  6  7 |
---------------+----------------------+-----
Stealth        | 4 5 |  5.3
Transmutations | 2 3 5 6 |  6.1
Dodging        | 3 |  3.0
Spellcasting   | 3 |  3.2
Earth Magic    | 4 5 6 |  6.3

Action                   |  1- 3 |  4- 6 |  7- 9 || total
-------------------------+-------+-------+-------++-------
Melee: Unarmed           |    34 |       |       ||    34
       Bite              |     2 |     1 |     3 ||     6
       Dagger            |       |     3 |    25 ||    28
 Cast: Sandblast         |    52 |    74 |     5 ||   131
       Petrify           |       |     1 |     1 ||     2
  Use: Potion            |     2 |       |     2 ||     4
       Scroll            |       |       |     3 ||     3
 Stab: Sleeping          |       |     1 |     2 ||     3
       Petrified         |       |     2 |     3 ||     5
Armor: Robe              |    16 |     4 |     9 ||    29
Dodge: Dodged            |    39 |    13 |    30 ||    82

Table legend: (Time is in decaauts)
 A = Elapsed time spent in this place.
 B = Non-inter-level travel time spent in this place.
 C = Inter-level travel time spent in this place.
 D = Time resting spent in this place.
 E = Time spent auto-exploring this place.
 F = Levels seen in this place.
 G = Mean time per level.
                   A        B        C        D        E       F      G
               +--------+--------+--------+--------+--------+-----+--------+
         Total |   4367 |   4240 |    127 |    798 |   2845 |   6 |  727.8 |
       Dungeon |   4367 |   4240 |    127 |    798 |   2845 |   6 |  727.8 |
               +--------+--------+--------+--------+--------+-----+--------+

Top non-repeatable levels by time:
     D:2: 1195 daAuts
     D:4: 1170 daAuts
     D:1: 970 daAuts
     D:3: 934 daAuts
     D:7: 97 daAuts
